 Dungeon Crawl Stone Soup version 0.17.1-3-g152610e (webtiles) character file.

105 Gargoyl the Skirmisher (level 4, -1/37 HPs)
             Began as a Demonspawn Abyssal Knight on Apr 25, 2016.
             Was a Believer of Lugonu.
             Slain by Gargoyl's ghost (7 damage)
             ... on level 3 of the Dungeon.
             The game lasted 00:04:47 (2834 turns).

Gargoyl the Skirmisher (Demonspawn Abyssal Knight)  Turns: 2834, Time: 00:04:47

Health: -1/37      AC: 10    Str: 16 (18) XL:     4   Next: 53%
Magic:  5/5        EV:  2    Int: 19      God:    Lugonu [**....]
Gold:   75         SH:  0    Dex: 12      Spells: 0 memorised, 3 levels left

rFire  . . .     SeeInvis .     a - +1 hand axe
rCold  . . .     Clarity  .     q - +0 chain mail (curse)
rNeg   . . .     SustAt   .     (no shield)
rPois  .         Gourm    .     (helmet restricted)
rElec  .         Spirit   .     (no cloak)
rCorr  .         Warding  .     (no gloves)
rMut   .         Stasis   .     n - +0 pair of boots
MR     .....                    (no amulet)
Stlth  ..........               (no ring)
                                (no ring)

@: mighty, brilliant, not resistant to hostile enchantments, extremely
unstealthy
A: antennae 1, nightstalker 1
a: Depart the Abyss, Bend Space, Renounce Religion


You were on level 3 of the Dungeon.
You worshipped Lugonu.
Lugonu was pleased with you.
You were hungry.

You visited 1 branch of the dungeon, and saw 3 of its levels.
You visited the Abyss 1 time.

You collected 75 gold pieces.

Inventory:

Hand Weapons
 a - a +1 hand axe (weapon)
Armour
 g - the +0 scale mail of Charity {rElec}
   (You found it on level 2 of the Abyss)

   It insulates you from electricity.
 n - a +0 pair of boots (worn)
 q - a cursed +0 chain mail (worn)
Jewellery
 l - an uncursed amulet of rage {unknown}
Wands
 e - a wand of cold (3)
Scrolls
 i - a scroll of fog {unknown}
 m - a scroll of blinking
 p - a scroll of identify {unknown}
Potions
 d - a potion of poison {unknown}
 h - 2 potions of might
 k - a potion of flight {unknown}
 o - a potion of degeneration
Comestibles
 c - 3 bread rations
 f - 2 meat rations


   Skills:
 + Level 3.7 Fighting
 + Level 2.6 Axes
 + Level 2.6 Armour
 + Level 1.8 Dodging
 + Level 2.6 Invocations


You had 3 spell levels left.
You didn't know any spells.

Dungeon Overview and Level Annotations

Branches:
Dungeon (3/15)

Altars:
Makhleb
Qazlal

Annotations:
D:3 Gargoyl's ghost, amateur DsAK


Innate Abilities, Weirdness & Mutations

You have a pair of small antennae on your head.
You are slightly more attuned to the shadows.


Message History

You miss Gargoyl's ghost.
Gargoyl's ghost is moderately damaged.
Gargoyl's ghost barely misses you.
You barely miss Gargoyl's ghost.
Gargoyl's ghost is moderately damaged.
Gargoyl's ghost hits you but does no damage.
You hit Gargoyl's ghost but do no damage.
Gargoyl's ghost is moderately damaged.
Gargoyl's ghost hits you.
* * * LOW HITPOINT WARNING * * *
You hit Gargoyl's ghost but do no damage.
Gargoyl's ghost is moderately damaged.
Gargoyl's ghost hits you.
* * * LOW HITPOINT WARNING * * *
Drink which item? (? for menu, Esc to quit)
It was a potion of brilliance.
You feel clever all of a sudden. Gargoyl's ghost completely misses you.
Gargoyl's ghost hits you!
You die...

##### ###...###
#.......######
#......).....#######
#..................#
#.#..(######.#####.#
# # # ###.#...####
#.# #.# .#. ..
#..#..#.W@.# #.# #†#
#.#
#.#####.#.#...##.#
#.# #.# #.#
##.........##.###.#
#.# #.# #.#
.....W†......#..#.#
#.#####.###.#
##.#####.####.#.#.#
...........#
#....W.#.#.#
######......
#..#####.#.# #######
#..# #.#.# # #b.#
#...##### #


You could see Gargoyl's ghost.

Vanquished Creatures
  2 adders
  2 oozes (D:1)
  2 worms (D:2)
  An orc (D:3)
  2 ball pythons
  10 goblins
  8 hobgoblins
  11 jackals
  3 quokkas (D:2)
  7 bats
  2 giant cockroaches
  4 giant newts
  7 kobolds
  8 rats
69 creatures vanquished.

Notes
Turn   | Place    | Note
--------------------------------------------------------------
     0 | Abyss:1  | Gargoyl the Demonspawn Abyssal Knight began the quest for the Orb.
     0 | Abyss:1  | Reached XP level 1. HP: 18/18 MP: 2/2
    43 | Abyss:2  | Noticed a water elemental
    61 | Abyss:2  | Got a warped scale mail
    62 | D:1      | Escaped the Abyss
    73 | D:1      | Identified the +0 scale mail of Charity {rElec} (You found it on level 2 of the Abyss)
   280 | D:1      | Reached * piety under Lugonu
   280 | D:1      | Gained mutation: You are slightly more attuned to the shadows. [demonic ancestry]
   280 | D:1      | Reached XP level 2. HP: 24/24 MP: 3/3
   516 | D:1      | Reached skill level 1 in Dodging
   953 | D:1      | Gained mutation: You have a pair of small antennae on your head. [demonic ancestry]
   953 | D:1      | Reached XP level 3. HP: 29/29 MP: 4/4
  1320 | D:2      | Reached ** piety under Lugonu
  1952 | D:2      | Reached XP level 4. HP: 36/36 MP: 5/5
  2246 | D:2      | Found a stormy altar of Qazlal.
  2487 | D:3      | Found a burning altar of Makhleb.
  2787 | D:3      | Noticed Gargoyl's ghost (amateur DsAK)
  2834 | D:3      | Slain by Gargoyl's ghost

Action                   |  1- 3 |  4- 6 || total
-------------------------+-------+-------++-------
Melee: Hand axe          |   202 |   104 ||   306
Invok: Depart the Abyss  |     1 |       ||     1
  Use: Scroll            |     5 |       ||     5
       Potion            |       |     3 ||     3
  Eat: Chunk             |     4 |     2 ||     6
